[Event "Titled Tuesday Blitz August 3 2021"]
[White "Labussiere, Victor"]
[Black "Papasimakopoulos, Alexandros"]
[WhiteFideId "2183129"]
[BlackFideId "4244125"]
[WhiteElo "1921"]
[BlackElo "2352"]
[Result "0-1"]
[Round "07"]
[TimeControl "180+1"]
[Date "2021.08.03"]
[WhiteClock "0:00:03"]
[BlackClock "0:00:20"]

1. e4 g5 2. Nc3 Bg7 3. d4 h6 4. Be3 d6 5. Qd2 Nc6 6. Nge2 e5 7. d5 Nce7 8. h4 g4 9. f4 gxf3 10. gxf3 f5 11. Bh3 f4 12. Bf2 Bxh3 13. Rxh3 Nf6 14. O-O-O Qd7 15. Rhh1 O-O 16. Kb1 Kh7 17. Qd3 Nh5 18. Rdg1 a6 19. Nd1 Bf6 20. Nc1 Rg8 21. Qf1 Rxg1 22. Rxg1 Rg8 23. Rxg8 Nxg8 24. Ne2 Qe7 25. Qh3 Ng7 26. c4 b6 27. Kc2 Qd8 28. b4 Ne7 29. h5 Qc8 30. Qh1 Qe8 31. Ndc3 Qxh5 32. Qg2 Bh4 33. Bg1 Be1 34. c5 Bxc3 35. Nxc3 bxc5 36. bxc5 Ng6 37. Bf2 Nh4 38. Bxh4 Qxh4 39. c6 Qg3 40. Qh1 h5 41. Kb3 h4 42. Ne2 Qf2 43. Qh3 Qxe2 44. Qxh4+ Kg6 45. Qd8 Kf7 46. Qxc7+ Kg8 47. Qxd6 Qxf3+ 48. Kc4 Qxe4+ 49. Kc5 Qd4# 0-1


[Site "https://www.chess.com"]

[Event "Titled Tuesday Blitz August 3 2021"]
[White "Lazavik, Denis"]
[Black "El Arousy, Abdul Hameed"]
[WhiteFideId "13515110"]
[BlackFideId "10600086"]
[WhiteElo "2436"]
[BlackElo "2216"]
[Result "1/2-1/2"]
[Round "07"]
[TimeControl "180+1"]
[Date "2021.08.03"]
[WhiteClock "0:00:04"]
[BlackClock "0:00:36"]

1. d4 e5 2. dxe5 d6 3. Nf3 Nc6 4. exd6 Bxd6 5. Nc3 Nf6 6. Bg5 h6 7. Bh4 Bf5 8. e4 Qe7 9. Bxf6 gxf6 10. Bd3 O-O-O 11. Qe2 Bg6 12. O-O-O Ne5 13. Nd5 Nxd3+ 14. cxd3 Qe6 15. Kb1 c6 16. Nc3 Kb8 17. Rhe1 Bh5 18. h3 Bxf3 19. Qxf3 Be5 20. Ne2 Rd7 21. d4 Rhd8 22. Qe3 f5 23. Rd3 fxe4 24. Qxe4 Bf6 25. Qxe6 fxe6 26. Kc2 c5 27. Nf4 Rxd4 28. Rxd4 Bxd4 29. Nxe6 Bxf2 30. Nxd8 Bxe1 31. Nf7 h5 32. Kd3 b5 33. Nd6 a6 34. Ne4 c4+ 35. Ke2 Bb4 36. g4 hxg4 37. hxg4 Kc7 38. Ke3 Kd7 39. Kd4 Ke6 40. Nc5+ Kd6 41. Nxa6 Be1 42. g5 Bh4 43. a4 bxa4 44. Nc5 Bxg5 45. Ne4+ Kc6 46. Nxg5 a3 47. bxa3 Kb5 48. Kc3 Ka4 49. Kb2 c3+ 50. Kxc3 Kxa3 1/2-1/2


[Site "https://www.chess.com"]

[Event "Titled Tuesday Blitz August 3 2021"]
[White "Le, Tuan Minh"]
[Black "Zubov, Alexander"]
[WhiteFideId "12401153"]
[BlackFideId "14109409"]
[WhiteElo "2450"]
[BlackElo "2740"]
[Result "1-0"]
[Round "07"]
[TimeControl "180+1"]
[Date "2021.08.03"]
[WhiteClock "0:00:09"]
[BlackClock "0:00:01"]

1. d4 Nf6 2. Nf3 g6 3. Bg5 Bg7 4. c3 d6 5. Nbd2 Nbd7 6. e4 h6 7. Bh4 g5 8. Bg3 Nh5 9. Bc4 Nxg3 10. hxg3 e6 11. O-O O-O 12. Qe2 c5 13. Rad1 Qe7 14. Rfe1 cxd4 15. Nxd4 Ne5 16. Bb3 Ng6 17. Qe3 g4 18. Nc4 Rd8 19. a4 Bd7 20. Rd2 Rac8 21. Qe2 h5 22. Red1 Ne5 23. Nxe5 Bxe5 24. Nc2 Bc6 25. Nb4 Kg7 26. Nd3 Qg5 27. Nxe5 dxe5 28. Rxd8 Rxd8 29. Rxd8 Qxd8 30. Qe3 b6 31. a5 bxa5 32. Qxa7 Bxe4 33. Bxe6 Bg6 34. Bc4 Qd1+ 35. Kh2 a4 36. Qe3 f6 37. Qa7+ Kh6 38. Qe7 Kg5 39. Qg7 Qc2 40. Bf7 Qf5 41. c4 e4 42. c5 e3 43. fxe3 1-0


[Site "https://www.chess.com"]

[Event "Titled Tuesday Blitz August 3 2021"]
[White "Lee, Qing Aun"]
[Black "Shailesh, Dravid"]
[WhiteFideId "5804167"]
[BlackFideId "25017969"]
[WhiteElo "2023"]
[BlackElo "2228"]
[Result "1-0"]
[Round "07"]
[TimeControl "180+1"]
[Date "2021.08.03"]
[WhiteClock "0:00:26"]
[BlackClock "0:01:39"]

1. g3 Nf6 2. Bg2 e5 3. c4 Bc5 4. Nc3 d6 5. e3 h5 6. d4 Bb6 7. Nge2 h4 8. O-O c6 9. f4 exd4 10. exd4 Bg4 11. h3 Be6 12. Qd3 hxg3 13. f5 Bd7 14. Nxg3 Na6 15. a3 Kf8 16. Bf4 Bc7 17. b4 Nh5 18. Nxh5 Rxh5 19. Bg3 Qf6 20. Ne4 Qh6 21. Bf4 Qh7 22. Nxd6 Kg8 23. Qg3 Bxd6 24. Bxd6 Bxf5 25. b5 Nb8 26. Bxb8 cxb5 27. cxb5 Rh6 28. Rae1 Be6 29. d5 Rg6 30. dxe6 1-0


[Site "https://www.chess.com"]

[Event "Titled Tuesday Blitz August 3 2021"]
[White "Leitao, Rafael"]
[Black "Gerzhoy, Leonid"]
[WhiteFideId "2101246"]
[BlackFideId "2806126"]
[WhiteElo "2609"]
[BlackElo "2519"]
[Result "1-0"]
[Round "07"]
[TimeControl "180+1"]
[Date "2021.08.03"]
[WhiteClock "0:00:17"]
[BlackClock "0:00:18"]

1. c4 Nf6 2. Nc3 e5 3. Nf3 d6 4. d4 Nbd7 5. g3 c6 6. Bg2 e4 7. Ng5 d5 8. cxd5 cxd5 9. f3 exf3 10. Nxf3 Be7 11. O-O O-O 12. Bf4 Nb6 13. Rc1 Be6 14. Nb5 Rc8 15. Qb3 Nc4 16. Nxa7 Ra8 17. Nb5 Qd7 18. Nc7 Rac8 19. Nxe6 fxe6 20. Bh3 Ne4 21. Ne5 Nxe5 22. dxe5 Rxc1 23. Rxc1 Rc8 24. Rxc8+ Qxc8 25. Be3 Bc5 26. Kg2 Bxe3 27. Qxe3 Qc6 28. Qa3 Kf7 29. Qf3+ Ke7 30. Qa3+ Kf7 31. Qe3 Ke7 32. Bg4 d4 33. Qxd4 Ng5+ 34. Kf2 Qh1 35. Qd6+ Kf7 36. Qd7+ Kg6 37. Qe8+ Kh6 38. Qh5# 1-0


[Site "https://www.chess.com"]

[Event "Titled Tuesday Blitz August 3 2021"]
[White "Lee, Linden"]
[Black "Stribuk, Artiom"]
[WhiteFideId "30941830"]
[BlackFideId "13515659"]
[WhiteElo "2499"]
[BlackElo "2224"]
[Result "0-1"]
[Round "07"]
[TimeControl "180+1"]
[Date "2021.08.03"]
[WhiteClock "0:00:16"]
[BlackClock "0:00:41"]

1. d4 Nf6 2. c4 g6 3. Nc3 d5 4. cxd5 Nxd5 5. Nf3 Bg7 6. Qb3 Nxc3 7. bxc3 O-O 8. e4 c5 9. Be3 cxd4 10. Bxd4 Nc6 11. Bxg7 Kxg7 12. Rd1 Qa5 13. Rd5 Qc7 14. c4 Be6 15. Qc3+ Kg8 16. Rd1 Na5 17. Rc1 Rac8 18. Nd2 Rfd8 19. Be2 b5 20. c5 Nc4 21. Nxc4 Qxc5 22. O-O Bxc4 23. Bxc4 bxc4 24. Qf3 c3 25. Rc2 Rd2 26. Rfc1 Rxc2 27. Rxc2 Qd4 28. Qe2 Rb8 29. g3 Rb2 30. Rxb2 cxb2 31. Qc2 a5 32. Kf1 a4 33. a3 h5 34. Ke2 Kg7 35. f3 e5 36. h4 Qg1 37. Kd2 b1=Q 38. Qc3 Qbd1# 0-1


[Site "https://www.chess.com"]

[Event "Titled Tuesday Blitz August 3 2021"]
[White "Liyanage, Ranindu Dilshan"]
[Black "Palchuk, Andrii"]
[WhiteFideId "9915834"]
[BlackFideId "14176688"]
[WhiteElo "1839"]
[BlackElo "2284"]
[Result "1-0"]
[Round "07"]
[TimeControl "180+1"]
[Date "2021.08.03"]
[WhiteClock "0:00:55"]
[BlackClock "0:00:08"]

1. e4 c6 2. d4 d5 3. e5 c5 4. dxc5 e6 5. a3 Bxc5 6. Nf3 Nc6 7. Bd3 Nge7 8. O-O a5 9. Re1 Bd7 10. Nc3 Rc8 11. Nb5 Ng6 12. Bg5 Qb6 13. Be3 O-O 14. Nd6 Rc7 15. Bxc5 Qxc5 16. Ng5 Ncxe5 17. Qh5 h6 18. Ngxf7 Nxf7 19. Nxf7 Rxf7 20. Qxg6 Qxf2+ 21. Kh1 Rf6 22. Qh7+ Kf7 23. Rf1 Qd4 24. Bg6+ Ke7 25. Qxg7+ Kd6 26. Rxf6 Rxc2 27. Rxe6+ Bxe6 28. Qxd4 Rxg2 29. Kxg2 Bd7 30. Qf4+ Kc5 31. Rc1+ Kb6 32. Qd4+ Ka6 33. Bd3+ b5 34. Qf6+ Kb7 35. Qd6 Bc6 36. Qxc6+ Kb8 37. Qc8+ Ka7 38. Rc6 b4 39. Bb5 bxa3 40. Qc7+ Ka8 41. Ra6# 1-0


[Site "https://www.chess.com"]

[Event "Titled Tuesday Blitz August 3 2021"]
[White "Ljukin, Sergei"]
[Black "De Silva, L M S T"]
[WhiteFideId "14102200"]
[BlackFideId "9953698"]
[WhiteElo "2309"]
[BlackElo "1621"]
[Result "1-0"]
[Round "07"]
[TimeControl "180+1"]
[Date "2021.08.03"]
[WhiteClock "0:00:24"]
[BlackClock "0:01:07"]

1. e4 g6 2. d4 Bg7 3. Nc3 d6 4. f4 a6 5. Nf3 b5 6. Bd3 Bb7 7. O-O e6 8. e5 Ne7 9. Ne4 O-O 10. c3 d5 11. Nc5 Bc8 12. a4 bxa4 13. Rxa4 Nd7 14. b4 Nxc5 15. dxc5 Bb7 16. Nd4 Nc6 17. Nxc6 Bxc6 18. Rxa6 Rxa6 19. Bxa6 f6 20. Qe2 fxe5 21. fxe5 Rxf1+ 22. Kxf1 d4 23. Bc4 dxc3 24. Bxe6+ Kh8 25. Bb3 Qh4 26. b5 Qxh2 27. Be3 Be8 28. Qc4 Bxb5 29. Qxb5 Bxe5 30. Qe8+ Kg7 31. Qe7+ 1-0


[Site "https://www.chess.com"]

[Event "Titled Tuesday Blitz August 3 2021"]
[White "Makhnev, Denis"]
[Black "Vlassov, Nikolai"]
[WhiteFideId "13707647"]
[BlackFideId "4103360"]
[WhiteElo "2537"]
[BlackElo "2407"]
[Result "0-1"]
[Round "07"]
[TimeControl "180+1"]
[Date "2021.08.03"]
[WhiteClock "0:00:10"]
[BlackClock "0:00:16"]

1. d4 Nf6 2. c4 Nc6 3. Nf3 e6 4. g3 Bb4+ 5. Bd2 a5 6. Bg2 d6 7. O-O e5 8. Bg5 exd4 9. Nxd4 Ne5 10. a3 Bc5 11. Nc3 Neg4 12. e3 h6 13. Bxf6 Nxf6 14. Qa4+ Bd7 15. Qc2 c6 16. Rab1 O-O 17. b4 axb4 18. axb4 Bb6 19. Rfd1 Qe7 20. b5 Bxd4 21. Rxd4 Rfd8 22. bxc6 bxc6 23. h3 Ne8 24. Kh2 Rdb8 25. Rbd1 Ra5 26. Ne4 Bf5 27. Qc3 Ra2 28. R1d2 Rxd2 29. Qxd2 c5 30. Nxd6 cxd4 31. Nxf5 Qc5 32. Nxd4 Qxc4 33. Nc6 Rb1 34. Qd8 Qe6 35. Ne7+ Kf8 36. Nd5 Rd1 37. Bf3 Rd2 38. Kg2 g5 39. g4 Qd6 40. Qa5 Rd3 41. Qb5 Rd2 42. Qa5 Rd3 43. Be4 Rd1 44. Bc2 Rxd5 45. Qa1 Qe5 46. Qa3+ Rd6 47. Qa8 Kg7 48. Qa7 Nf6 49. Bf5 Qd5+ 50. Kg3 Rc6 51. Qa1 Qd6+ 52. Kg2 Qd5+ 53. Kg3 Qc5 54. h4 Qc1 55. Qe5 Qg1+ 56. Kf3 Qh1+ 57. Ke2 Rc1 58. hxg5 Qd1# 0-1


[Site "https://www.chess.com"]

[Event "Titled Tuesday Blitz August 3 2021"]
[White "Maksimovic, Bojan"]
[Black "Omk124"]
[WhiteFideId "14408120"]
[WhiteElo "2439"]
[BlackElo "2524"]
[Result "0-1"]
[Round "07"]
[TimeControl "180+1"]
[Date "2021.08.03"]
[WhiteClock "0:00:02"]
[BlackClock "0:00:56"]

1. e4 c5 2. Nc3 a6 3. Nf3 d6 4. d4 cxd4 5. Nxd4 Nf6 6. Bg5 e6 7. f4 Be7 8. Qf3 Qc7 9. O-O-O b5 10. a3 Bb7 11. f5 e5 12. Nb3 Nbd7 13. g4 Nxe4 14. Nxe4 Bxg5+ 15. Kb1 Be7 16. Bg2 Rb8 17. g5 d5 18. Nc3 d4 19. Nd5 Bxd5 20. Qxd5 Bxg5 21. f6 Nxf6 22. Qf3 O-O 23. h4 Be3 24. Bh3 a5 25. Nc1 e4 26. Qe2 b4 27. a4 Nd5 28. Nb3 Qc6 29. Qh5 g6 30. Qe5 Rfe8 31. Nxd4 Nc3+ 32. bxc3 bxc3+ 33. Qb5 Rxb5+ 34. Nxb5 Rb8 35. Ka2 Qc4+ 36. Ka3 Qb4+ 37. Ka2 Qxa4+ 38. Na3 Rb2+ 39. Ka1 Qxa3# 0-1


[Site "https://www.chess.com"]

[Event "Titled Tuesday Blitz August 3 2021"]
[White "Maly, Alexey"]
[Black "Nguyen, Hong Anh"]
[WhiteFideId "14103184"]
[BlackFideId "12406732"]
[WhiteElo "2285"]
[BlackElo "1974"]
[Result "1-0"]
[Round "07"]
[TimeControl "180+1"]
[Date "2021.08.03"]
[WhiteClock "0:01:45"]
[BlackClock "0:01:12"]

1. d4 Nf6 2. c4 g6 3. Nc3 d5 4. cxd5 Nxd5 5. e4 Nxc3 6. bxc3 Bg7 7. Nf3 c5 8. Be3 Qa5 9. Qd2 cxd4 10. cxd4 Qxd2+ 11. Kxd2 f5 12. Bd3 Nc6 13. Rac1 O-O 14. Ke2 fxe4 15. Bxe4 Bd7 16. Rhd1 Rac8 17. Ng5 Nb4 18. a3 Bb5+ 19. Ke1 Rxc1 20. Rxc1 Nd3+ 21. Bxd3 Bxd3 22. Rc7 Ba6 23. Rxe7 Bf6 24. Rd7 Re8 25. Nxh7 Bxd4 26. Rxd4 Kxh7 27. Rd7+ Kg8 28. Kd2 Re6 29. Bxa7 Re2+ 30. Kc3 Ra2 31. Kb3 Re2 32. Be3 Re1 33. g3 Rb1+ 34. Kc2 Ra1 35. Bc1 Ra2+ 36. Bb2 1-0


[Site "https://www.chess.com"]

[Event "Titled Tuesday Blitz August 3 2021"]
[White "Martin Duque, Jesus"]
[Black "Koellner, Ruben Gideon"]
[WhiteFideId "2208954"]
[BlackFideId "12993093"]
[WhiteElo "2224"]
[BlackElo "2519"]
[Result "1-0"]
[Round "07"]
[TimeControl "180+1"]
[Date "2021.08.03"]
[WhiteClock "0:01:16"]
[BlackClock "0:00:01"]

1. Nf3 c6 2. e4 d5 3. d3 dxe4 4. dxe4 Qxd1+ 5. Kxd1 Nd7 6. Nfd2 e5 7. f3 Bc5 8. a4 a5 9. Nc4 Ne7 10. Nbd2 f6 11. Nb3 Bb6 12. c3 Bc7 13. Be3 Ng6 14. Kc2 Ngf8 15. Rd1 Ne6 16. Nd6+ Ke7 17. Nxc8+ Rhxc8 18. Bc4 Rd8 19. Rd2 Ndf8 20. Rhd1 Rxd2+ 21. Rxd2 Rd8 22. Rxd8 Bxd8 23. Nc5 Nxc5 24. Bxc5+ Ke8 25. Bg8 h6 26. g3 Bc7 27. h4 Nd7 28. Be3 Bb6 29. Bxb6 Nxb6 30. b3 Ke7 31. Kd3 Nd7 32. Kc4 Kd6 33. b4 b6 34. Bh7 Nb8 35. Bf5 Na6 36. Bc8 Nc7 37. f4 exf4 38. gxf4 g5 39. hxg5 fxg5 40. e5+ Ke7 41. f5 1-0


[Site "https://www.chess.com"]

[Event "Titled Tuesday Blitz August 3 2021"]
[White "Matinian, Nikita"]
[Black "Chen, Max"]
[WhiteFideId "24129100"]
[BlackFideId "2622440"]
[WhiteElo "2410"]
[BlackElo "2456"]
[Result "1-0"]
[Round "07"]
[TimeControl "180+1"]
[Date "2021.08.03"]
[WhiteClock "0:01:18"]
[BlackClock "0:00:03"]

1. e4 c5 2. Nc3 Nc6 3. Bb5 Nd4 4. Nf3 Nxb5 5. Nxb5 g6 6. d4 Bg7 7. O-O cxd4 8. Nbxd4 d6 9. c4 Bg4 10. Be3 Nf6 11. h3 Bd7 12. e5 dxe5 13. Nxe5 O-O 14. Qe2 Rc8 15. Rfd1 a6 16. Rac1 Re8 17. b4 Qc7 18. Nxd7 Nxd7 19. c5 Red8 20. c6 Ne5 21. b5 bxc6 22. bxc6 Qa5 23. f4 1-0


[Site "https://www.chess.com"]

[Event "Titled Tuesday Blitz August 3 2021"]
[White "Melikhov, Evgeny V."]
[Black "Aggelis, Nikolaos"]
[WhiteFideId "4122046"]
[BlackFideId "4213220"]
[WhiteElo "1965"]
[BlackElo "2154"]
[Result "0-1"]
[Round "07"]
[TimeControl "180+1"]
[Date "2021.08.03"]
[WhiteClock "0:00:07"]
[BlackClock "0:00:16"]

1. d4 Nf6 2. c4 g6 3. Nc3 d5 4. Nf3 Bg7 5. e3 O-O 6. Be2 c5 7. O-O cxd4 8. exd4 dxc4 9. Bxc4 a6 10. Re1 b5 11. Bf1 Nc6 12. h3 Bb7 13. Bg5 Rc8 14. Qd2 Na5 15. Rad1 Bxf3 16. gxf3 Nc4 17. Qe2 Re8 18. b3 Nb6 19. Ne4 Nbd5 20. Qd2 Qd7 21. Bh6 Qf5 22. Bxg7 Kxg7 23. Bg2 Nf4 24. Nxf6 Qxf6 25. Qe3 Rc2 26. Qe5 Qxe5 27. dxe5 Rxa2 28. Rd7 Rb2 29. Ra1 Rxb3 30. Rxa6 Rb1+ 31. Kh2 Re1 32. Raa7 Rxe5 33. Rdb7 Re2 34. Kg1 Re5 35. Bf1 Kf6 36. Kh2 Rh5 37. Rxb5 Rxb5 38. Bxb5 Rb8 39. Bc6 Rb2 40. Kg3 Nd3 41. Ra6 e6 42. Be8 Ke7 43. Bc6 Nxf2 44. Ra7+ Kf8 45. Ra8+ Kg7 46. Ra7 Nh1+ 47. Kf4 Rb8 48. Ra2 Kf6 49. Ke3 Ng3 50. Kf4 Nf5 51. Ke4 Rb4+ 52. Kd3 Rh4 53. Rh2 Ke5 54. Be8 f6 55. Bf7 Nd6 56. Bg8 Kf5 57. Re2 e5 58. Rd2 Rxh3 59. Ke3 Nb5 60. Rd5 Nd4 61. Rd7 Rxf3+ 62. Kd2 Rf2+ 63. Ke3 Rf3+ 64. Kd2 Ra3 65. Bxh7 Rg3 66. Ke1 Ne6 67. Bg8 Nf4 68. Re7 Ra3 69. Re8 Ra6 70. Kf2 g5 71. Bh7+ Kg4 72. Rg8 f5 73. Rf8 Ra2+ 74. Kf1 Ra1+ 75. Kf2 Nh3+ 76. Ke2 f4 77. Bf5+ Kg3 78. Bxh3 Kxh3 79. Rf5 Ra2+ 80. Kf3 g4+ 81. Ke4 Re2+ 82. Kd5 f3 83. Rg5 Kg3 84. Ke6 f2 85. Kf5 f1=Q+ 0-1


[Site "https://www.chess.com"]

[Event "Titled Tuesday Blitz August 3 2021"]
[White "MikeKorovin"]
[Black "Perez Gormaz, Matias"]
[BlackFideId "3406342"]
[WhiteElo "2722"]
[BlackElo "2414"]
[Result "1-0"]
[Round "07"]
[TimeControl "180+1"]
[Date "2021.08.03"]
[WhiteClock "0:00:47"]
[BlackClock "0:00:02"]

1. Nf3 d5 2. b3 Bg4 3. Bb2 Bxf3 4. exf3 Nf6 5. d3 g6 6. Nd2 Bg7 7. g3 Nh5 8. Qc1 O-O 9. Bg2 e6 10. O-O Bxb2 11. Qxb2 Qf6 12. d4 c5 13. c3 cxd4 14. cxd4 Nc6 15. f4 Nxd4 16. Qb1 Rac8 17. Qd1 Rc2 18. Nf3 Ne2+ 19. Kh1 Rfc8 20. Ne5 Nhxf4 21. gxf4 Nxf4 22. Nc4 Re2 23. Bf3 dxc4 24. Bxe2 c3 25. Rc1 Rc5 26. Bf3 Kg7 27. Re1 b5 28. Re3 Qh4 29. Qd4+ e5 1-0


[Site "https://www.chess.com"]

[Event "Titled Tuesday Blitz August 3 2021"]
[White "Mirzoev, Azer"]
[Black "Tsaruk, Maksim"]
[WhiteFideId "13400304"]
[BlackFideId "13511173"]
[WhiteElo "2525"]
[BlackElo "2184"]
[Result "1-0"]
[Round "07"]
[TimeControl "180+1"]
[Date "2021.08.03"]
[WhiteClock "0:00:16"]
[BlackClock "0:00:05"]

1. d4 Nf6 2. Nf3 e6 3. c4 d5 4. e3 a6 5. Nbd2 c5 6. cxd5 Nxd5 7. Be2 Nc6 8. dxc5 Bxc5 9. Ne4 Be7 10. O-O O-O 11. Bd2 b5 12. Rc1 Qb6 13. a3 Bd7 14. Qc2 Rfc8 15. Qb1 Be8 16. Rfd1 a5 17. h3 h6 18. Nc3 Nxc3 19. Bxc3 b4 20. axb4 axb4 21. Be1 Bf6 22. Nd2 Qb8 23. Ne4 Be5 24. Bf3 Ra7 25. Nc5 Na5 26. Nd3 Bd6 27. Rxc8 Qxc8 28. Bxb4 Bxb4 29. Nxb4 Qb8 30. Nd3 Bc6 31. Bxc6 Nxc6 32. Nc5 Ne7 33. Rc1 Nd5 34. Nd3 g6 35. Qc2 Rb7 36. Qc8+ Qxc8 37. Rxc8+ Kg7 38. Rc2 h5 39. h4 Kf6 40. g3 Kf5 41. Kf1 Rb3 42. Ke2 f6 43. Nc5 Rb5 44. e4+ Ke5 45. exd5 Kxd5 46. Nd3 e5 47. b4 Rb6 48. Rc5+ Kd4 49. Rc8 e4 50. Rd8+ Kc4 51. Nf4 Rxb4 52. Nxg6 Rb2+ 53. Ke3 f5 54. Nf4 Rb3+ 55. Ke2 Rb2+ 56. Rd2 Rb6 57. Nxh5 Kc3 58. Nf4 Rb1 59. Nd5+ Kc4 60. Ne3+ 1-0


[Site "https://www.chess.com"]

[Event "Titled Tuesday Blitz August 3 2021"]
[White "Mortazavi, Ali"]
[Black "Krishnakumar, Sriram"]
[WhiteFideId "401323"]
[BlackFideId "30915856"]
[WhiteElo "2339"]
[BlackElo "2314"]
[Result "0-1"]
[Round "07"]
[TimeControl "180+1"]
[Date "2021.08.03"]
[WhiteClock "0:00:10"]
[BlackClock "0:00:12"]

1. Nf3 d5 2. g3 c6 3. Bg2 Bg4 4. O-O e6 5. d3 Nd7 6. c4 Bd6 7. Be3 Ne7 8. Qb3 Qc7 9. Nc3 Nc5 10. Bxc5 Bxc5 11. cxd5 exd5 12. Rac1 O-O 13. Nxd5 cxd5 14. d4 b6 15. dxc5 bxc5 16. Rfd1 Rab8 17. Qc3 Rfc8 18. b3 d4 19. Nxd4 Qe5 20. Nf3 Qxe2 21. Re1 Qxa2 22. Rxe7 Rxb3 23. Qxc5 Rf8 24. Ne5 Be6 25. Bd5 Bxd5 26. Qxd5 Rxg3+ 27. hxg3 Qxd5 28. Rcc7 a5 29. Nc6 a4 30. Re1 Qd6 31. Ne7+ Kh8 32. Ra7 Qb4 33. Re3 g6 34. Nd5 Qc5 35. Rd7 a3 36. Nc3 Qf5 37. Ra7 Qc5 38. Ra4 Rb8 39. Rf4 Kg7 40. Kh2 Rb3 41. Ref3 Rxc3 42. Rxf7+ Kh6 43. R3f4 g5 44. R4f6+ Kh5 45. Rxh7+ Kg4 46. Rg6 Kf5 47. Rg8 Qxf2+ 48. Kh3 Qxg3# 0-1


[Site "https://www.chess.com"]

[Event "Titled Tuesday Blitz August 3 2021"]
[White "Nazaretyan, Tigran"]
[Black "Urazayev, Arystanbek"]
[WhiteFideId "24162345"]
[BlackFideId "13709810"]
[WhiteElo "2214"]
[BlackElo "2321"]
[Result "0-1"]
[Round "07"]
[TimeControl "180+1"]
[Date "2021.08.03"]
[WhiteClock "0:00:14"]
[BlackClock "0:00:21"]

1. d4 d5 2. c4 e6 3. Nf3 a6 4. e3 dxc4 5. a4 c5 6. Bxc4 Nc6 7. O-O Nf6 8. Qe2 cxd4 9. Rd1 Be7 10. exd4 O-O 11. Nc3 Nb4 12. Ra3 Bd7 13. Ne5 Bc6 14. Rb3 Nbd5 15. Nxc6 bxc6 16. Ne4 Nxe4 17. Qxe4 a5 18. Rh3 g6 19. Bh6 Re8 20. Rf3 Bg5 21. Bxg5 Qxg5 22. h4 Qe7 23. h5 Rab8 24. b3 Kg7 25. Re1 Qd6 26. h6+ Kg8 27. Qh4 Qd8 28. Qh3 Qg5 29. Re4 Rbd8 30. Re5 Qe7 31. Qg4 Rd6 32. Rd3 Red8 33. Rd2 Nf6 34. Qh4 Nd5 35. Qg3 Qf6 36. Rd3 Qf4 37. Bxd5 Qc1+ 38. Kh2 Qxh6+ 39. Kg1 Rxd5 40. Rxd5 Rxd5 41. Qc7 Qc1+ 42. Kh2 Rh5+ 43. Rh3 Rxh3+ 44. gxh3 Qd2 45. Kg2 Kg7 46. Qe5+ Kh6 47. Qe3+ Qxe3 48. fxe3 Kg5 49. Kf3 Kf6 50. b4 Ke7 51. bxa5 Kd6 52. Ke4 g5 53. a6 Kc7 54. Ke5 h5 55. a5 Kb8 56. Kf6 g4 57. hxg4 hxg4 58. Kxf7 g3 59. Kxe6 g2 60. e4 g1=Q 61. d5 cxd5 62. exd5 Qe3+ 63. Kd7 Ka7 64. d6 Kxa6 65. Kc6 Qc3+ 66. Kd7 Kxa5 67. Ke8 Qe5+ 68. Kd7 Kb6 69. Kc8 Kc6 70. d7 Qc7# 0-1


[Site "https://www.chess.com"]

[Event "Titled Tuesday Blitz August 3 2021"]
[White "Nefedov, Sergey"]
[Black "ketster"]
[WhiteFideId "24113417"]
[WhiteElo "2385"]
[BlackElo "2400"]
[Result "1-0"]
[Round "07"]
[TimeControl "180+1"]
[Date "2021.08.03"]
[WhiteClock "0:00:05"]
[BlackClock "0:00:02"]

1. d4 Nf6 2. Nf3 d5 3. c4 e6 4. Nc3 dxc4 5. Qa4+ c6 6. Qxc4 b5 7. Qd3 a6 8. e4 Bb7 9. Bg5 Be7 10. e5 Nd5 11. Ne4 f6 12. exf6 gxf6 13. Bd2 Nd7 14. Rc1 Rc8 15. Be2 c5 16. dxc5 Nxc5 17. Nxc5 Bxc5 18. O-O Qb6 19. Bh6 Rd8 20. Qe4 Ne3 21. Qh4 Nxf1 22. Qh5+ Ke7 23. Qxc5+ Qxc5 24. Rxc5 Bxf3 25. Bxf3 Nd2 26. Rc7+ Kd6 27. Rc6+ Ke5 28. Bg4 Rhe8 29. g3 Nc4 30. Bh5 Re7 31. Kg2 Kd5 32. Bf3+ Kd4 33. Rxa6 Nxb2 34. Rb6 Kc5 35. Rc6+ Kb4 36. Rb6 Nc4 37. Rc6 e5 38. Bc1 e4 39. Be2 Rd5 40. Bf4 Rd4 41. Be3 Rd5 42. Bf4 Red7 43. Rc8 Rc5 44. Bg4 Rxc8 45. Bxd7 Rd8 46. Be6 Rd1 47. Bf5 Ra1 48. Bxe4 Rxa2 49. Bxh7 Rb2 50. Bg8 Kc5 51. h4 b4 52. h5 Ra2 53. h6 Ra7 54. h7 Rxh7 55. Bxh7 b3 56. Bc1 Kb4 57. g4 b2 58. Bh6 Kc3 59. Bg7 1-0


[Site "https://www.chess.com"]

[Event "Titled Tuesday Blitz August 3 2021"]
[White "Nguyen Hong Nhung"]
[Black "Tologon tegin, Semetei"]
[WhiteFideId "12412201"]
[BlackFideId "13800574"]
[WhiteElo "1661"]
[BlackElo "2224"]
[Result "0-1"]
[Round "07"]
[TimeControl "180+1"]
[Date "2021.08.03"]
[WhiteClock "0:00:07"]
[BlackClock "0:00:11"]

1. e4 e5 2. Nf3 Nc6 3. d4 exd4 4. Nxd4 Bc5 5. Be3 Qf6 6. c3 Nge7 7. Bc4 O-O 8. O-O Bb6 9. Nc2 d6 10. Nd2 Qg6 11. Kh1 Ne5 12. Be2 f5 13. f4 N5c6 14. Bf3 fxe4 15. Bxe4 Bf5 16. Qf3 Rae8 17. Bxb6 axb6 18. Rae1 Kh8 19. Nb3 Bxe4 20. Qxe4 Nf5 21. Qf3 Nh4 22. Rxe8 Rxe8 23. Qf2 Qh5 24. Ncd4 Nf5 25. Re1 Ncxd4 26. Nxd4 Nxd4 27. cxd4 h6 28. h3 Qb5 29. Rxe8+ Qxe8 30. Qf3 c6 31. Qb3 b5 32. Qb4 d5 33. Qd6 Qf7 34. Kh2 Kh7 35. Qb8 Qe7 36. Qe5 Qf7 37. Qb8 Qf5 38. Qc7 Qe4 39. Kg3 Qxd4 40. Qxb7 Qe3+ 41. Kh2 Qxf4+ 42. Kg1 Qd4+ 43. Kh2 Qe5+ 44. Kg1 Qxb2 45. Qxc6 Qxa2 46. Qxb5 Qa1+ 47. Kf2 Qd4+ 48. Kf3 Qe4+ 49. Kf2 d4 50. Qb2 h5 51. Qe2 Qf4+ 52. Kg1 g6 53. Qe7+ Kh6 54. Qe2 h4 55. Qd3 Kg5 56. Qb5+ Qf5 57. Qc4 Qe5 58. Qd3 Qe3+ 59. Qxe3+ dxe3 60. Kf1 Kf4 61. Ke2 Kg3 62. Kxe3 Kxg2 63. Kf4 Kxh3 64. Kg5 Kg3 0-1


[Site "https://www.chess.com"]

[Event "Titled Tuesday Blitz August 3 2021"]
[White "Obolentseva, Alexandra"]
[Black "Pert, Richard G"]
[WhiteFideId "24153648"]
[BlackFideId "404748"]
[WhiteElo "2113"]
[BlackElo "2441"]
[Result "0-1"]
[Round "07"]
[TimeControl "180+1"]
[Date "2021.08.03"]
[WhiteClock "0:00:22"]
[BlackClock "0:00:12"]

1. d4 d5 2. c4 e6 3. Nc3 Bb4 4. Qc2 dxc4 5. Nf3 b5 6. Bd2 a6 7. a4 Bb7 8. b3 cxb3 9. Qxb3 Nc6 10. e3 bxa4 11. Rxa4 a5 12. d5 exd5 13. Nxd5 Nge7 14. Nxb4 axb4 15. Bc4 O-O 16. Rxa8 Qxa8 17. O-O Na5 18. Qxb4 Nxc4 19. Qxc4 Bxf3 20. gxf3 Qxf3 21. Qxc7 Nf5 22. Qf4 Qxf4 23. exf4 h5 24. Be3 Re8 25. Re1 f6 26. Kg2 Kf7 27. Kf3 Nd4+ 28. Kg2 Nf5 29. Kf3 Re6 30. Ra1 Rc6 31. Ra7+ Kg6 32. Ra1 Rc3 33. Rg1+ Kf7 34. Ke4 Ke6 35. Ra1 Nd6+ 36. Kf3 Nc4 37. Re1 Kf7 38. Kg2 Kg6 39. Kf3 Kf5 40. Ra1 Nd2+ 41. Ke2 Ne4 42. h3 Rc2+ 43. Kf3 Nd2+ 44. Bxd2 Rxd2 45. Ra5+ Kg6 46. Kg3 Rd3+ 47. f3 Rd1 48. Ra2 Rg1+ 49. Kf2 Rh1 50. Kg2 Rd1 51. Kg3 Rg1+ 52. Kf2 Rb1 53. Kg3 Kh6 54. Re2 Kg6 55. Rg2 Kf5 56. Ra2 Rg1+ 57. Kf2 Rg6 58. Ra5+ Kxf4 59. Rxh5 Rg5 60. Rh4+ Kf5 61. Rg4 Rxg4 62. hxg4+ Kf4 63. Kg1 Kxf3 0-1


[Site "https://www.chess.com"]